 Dungeon Crawl Stone Soup version 0.29-a0-451-gfbfa42419e (webtiles) character file.

Game seed: 6831086967127822792

108 Bruhh the Chopper (level 4, -3/36 HPs)
             Began as a Barachi Fighter on May 19, 2022.
             Was a Follower of Okawaru.
             Slain by an orc
             ... wielding a +0 trident
              (5 damage)
             ... on level 3 of the Dungeon.
             The game lasted 00:03:21 (2407 turns).

Bruhh the Chopper (Barachi Fighter)                 Turns: 2407, Time: 00:03:21

Health: -3/36      AC:  8    Str: 19    XL:     4   Next: 87%
Magic:  4/4        EV:  9    Int:  8    God:    Okawaru [*.....]
Gold:   102        SH:  4    Dex: 12    Spells: 3/3 levels left

rFire   . . .      SeeInvis .   a - +0 war axe
rCold   . . .      Faith    .   c - +0 buckler
rNeg    . . .      Spirit   .   b - +0 scale mail
rPois   .          Reflect  .   o - +0 helmet
rElec   .          Harm     .   (no cloak)
rCorr   .          Rampage  .   (no gloves)
Will    .....                   (no boots)
Stlth   ..........              (no amulet)
HPRegen 0.12/turn               (no ring)
MPRegen 0.09/turn               (no ring)

@: mighty, attractive, slow
A: amphibious, slowness 1, strong legs 1, +LOS
a: Hop, Renounce Religion, Heroism


You were on level 3 of the Dungeon.
You worshipped Okawaru.
Okawaru was aware of your devotion.
You visited 1 branch of the dungeon, and saw 3 of its levels.

You collected 102 gold pieces.

Inventory:

Hand Weapons
 a - a +0 war axe (weapon)
Armour
 b - a +0 scale mail (worn)
 c - a +0 buckler (worn)
 o - a +0 helmet (worn)
Jewellery
 s - an amulet of faith
Scrolls
 e - 2 scrolls of enchant weapon {unknown}
 f - 3 scrolls of magic mapping {unknown}
 g - 4 scrolls of identify {unknown}
 h - a scroll of blinking {unknown}
 j - a scroll of amnesia {unknown}
 k - a scroll of fear {unknown}
 l - 2 scrolls of enchant armour {unknown}
 m - 6 scrolls of immolation {unknown}
 n - a scroll of poison {unknown}
 q - 2 scrolls of vulnerability {unknown}
 r - 2 scrolls of teleportation {unknown}


   Skills:
 - Level 3.6 Fighting
 + Level 5.4 Axes
 - Level 3.6 Armour
 - Level 3.2 Shields


You had 3 spell levels left.
You didn't know any spells.
Your spell library contained the following spells:

 Spells                   Type           Power      Damage    Failure   Level
 Chain Lightning          Conj/Air       0%         N/A       100%        9
 Fire Storm               Conj/Fire      0%         5d1       100%        9
 Shatter                  Erth           0%         3d5*      100%        9


Dungeon Overview and Level Annotations

Branches:
Dungeon (3/15)

Altars:
Okawaru


Innate Abilities, Weirdness & Mutations

You are amphibious.
You cover ground slowly.
You can hop short distances.
You have an extended range of vision and can be seen from far away.


Message History

You feel very sick. Something hits you but does no damage.
You feel better.
You hear some strange, mumbled words.
You are confused.
You're too confused to move!
Something hits you but does no damage.
You're too confused to move!
You hear some strange, mumbled words.
Something tries to affect you, but you resist.
You bump into the rock wall.
Something hits you.
* * * LOW HITPOINT WARNING * * *
You completely miss something.
You hear some strange, mumbled words.
Something tries to affect you, but you resist.
You bump into the rock wall.
Something hits you.
* * * LOW HITPOINT WARNING * * *
You bump into the rock wall.
You feel less confused. Something hits you.
* * * LOW HITPOINT WARNING * * *
You miss something. Something hits you but does no damage.
You miss something.
An orc wizard appears from thin air!
Reactivating autopickup.
The orc wizard hits you but does no damage.
The orc wizard barely misses you.
You barely miss the orc wizard.
The orc wizard points at you and mumbles some strange words.
You resist with some effort.
You slash the orc wizard!
The orc wizard is heavily wounded.
You block the orc wizard's attack.
You slice the orc wizard!!
You kill the orc wizard!
Okawaru accepts your kill. You block the orc's attack.
The orc hits you from afar with a +0 trident.
* * * LOW HITPOINT WARNING * * *
You barely miss the orc. The orc hits you but does no damage.
The orc hits you from afar with a +0 trident.
You die...

###.## #.#
#.#
.....#####.#
#.#
####..†....#
#.#
#########
#.# #.# #.#
#.#
##########.#
......oo@..#
.
############
##


You could see 2 orcs.

Vanquished Creatures
  2 orc wizards (D:3)
  An adder (D:3)
  2 dart slugs
  2 orcs (D:3)
  3 bats
  5 endoplasms
  2 giant cockroaches
  5 hobgoblins
  5 jackals
  A quokka (D:2)
  4 ball pythons
  2 frilled lizards (D:3)
  4 goblins
  2 kobolds (D:1)
  4 rats
44 creatures vanquished.

Vanquished Creatures (others)
  3 fungi (D:2)
  A plant (D:2)
4 creatures vanquished.

Grand Total: 48 creatures vanquished

Notes
Turn   | Place    | Note
-------+----------+-------------------------------------------
     0 | D:1      | Bruhh the Barachi Fighter began the quest for the Orb.
     0 | D:1      | Reached XP level 1. HP: 18/18 MP: 1/1
    61 | D:1      | Reached skill level 3 in Axes
    61 | D:1      | Reached XP level 2. HP: 16/24 MP: 2/2
   887 | D:2      | Reached XP level 3. HP: 27/29 MP: 3/3
   909 | D:2      | Found a faded altar of an unknown god.
   968 | D:2      | Prayed at the altar of an unknown god.
   968 | D:2      | Became a worshipper of Warmaster Okawaru
   968 | D:2      | Reached * piety under Okawaru
  1282 | D:2      | Reached skill level 4 in Axes
  2305 | D:3      | Reached XP level 4. HP: 36/36 MP: 4/4
  2394 | D:3      | Reached skill level 5 in Axes
  2407 | D:3      | Slain by an orc

Illustrated notes

Levels and vault maps discovered:
D:1:      lightli_arrival_windingriver, layout_loops_ring
D:2:      layout_rooms, shapermc_ecumenical_altar_hornbeckon
D:3:      layout_loops_ring

Skill      XL: |  1  2  3  4 |
---------------+-------------+-----
Axes           | 3 4 5 |  5.4
Fighting       | |  3.6
Armour         | |  3.6
Shields        | |  3.2

Action                   |  1- 3 |  4- 6 || total
-------------------------+-------+-------++-------
Melee: War axe           |   130 |    19 ||   149
  Use: Potion            |       |     5 ||     5
Armor: Scale mail        |    81 |    12 ||    93
Dodge: Dodged            |    76 |     1 ||    77
Block: Buckler           |    33 |     3 ||    36

Table legend: (Time is in decaauts)
 A = Elapsed time spent in this place.
 B = Non-inter-level travel time spent in this place.
 C = Inter-level travel time spent in this place.
 D = Time resting spent in this place.
 E = Time spent auto-exploring this place.
 F = Levels seen in this place.
 G = Mean time per level.
                   A        B        C        D        E       F      G
               +--------+--------+--------+--------+--------+-----+--------+
         Total |   2784 |   2739 |     45 |      0 |   2305 |   3 |  928.0 |
       Dungeon |   2784 |   2739 |     45 |      0 |   2305 |   3 |  928.0 |
               +--------+--------+--------+--------+--------+-----+--------+

Top non-repeatable levels by time:
     D:3: 1127 daAuts
     D:1: 977 daAuts
     D:2: 679 daAuts
